 Dungeon Crawl Stone Soup version 0.26.0-45-g9c1d065592 (webtiles) character file.

Game seed: 461355912200819473

95 kaeus the Chopper (level 4, -1/61 HPs)
             Began as a Hill Orc Monk on Jan 27, 2021.
             Slain by a gnoll
             ... wielding a +0 whip
              (3 damage)
             ... on level 3 of the Dungeon.
             The game lasted 00:01:35 (2973 turns).

kaeus the Chopper (Hill Orc Monk)                   Turns: 2973, Time: 00:01:36

Health: -1/61      AC: 22    Str: 14    XL:     4   Next: 65%
Magic:  4/4        EV:  2    Int: 10    God:
Gold:   152        SH:  0    Dex: 13    Spells: 3/3 levels left

rFire    . . .     SeeInvis .   a - +0 hand axe
rCold    . . .     Faith    .   (no shield)
rNeg     + + +     Spirit   .   (armour currently unavailable)
rPois    +         Reflect  .   (helmet currently unavailable)
rElec    .         Harm     .   (cloak currently unavailable)
rCorr    .         Rampage  .   (gloves currently unavailable)
Will     .....     NoTele   +   (boots currently unavailable)
Stlth    ++........             (no amulet)
HPRegen  0.20/turn              (no ring)
MPRegen  0.09/turn              (no ring)

@: mighty, tree-form
A: no striking features
a: no special abilities


You were on level 3 of the Dungeon.
You were a tree.
You visited 1 branch of the dungeon, and saw 3 of its levels.

You collected 152 gold pieces.

Inventory:

Hand Weapons
 a - a +0 hand axe (weapon)
Armour
 b - a +0 robe (melded)
 f - a +0 cloak (melded)
 k - a +0 helmet (melded)
Scrolls
 d - 3 scrolls of fog {unknown}
 e - 3 scrolls of remove curse {unknown}
 g - a scroll of teleportation {unknown}
 j - a scroll of identify {unknown}
 m - a scroll of enchant armour {unknown}
Potions
 c - a potion of heal wounds {unknown}
 i - a potion of might
 l - a potion of mutation {unknown}
 n - a potion of curing {unknown}


   Skills:
 + Level 4.4 Fighting
 + Level 4.8 Axes
 * Level 3.1 Armour
 - Level 2.4 Dodging
 - Level 1.5 Stealth


You had 3 spell levels left.
You didn't know any spells.
Your spell library was empty.

Dungeon Overview and Level Annotations

Branches:
Dungeon (3/15)

Altars:
Cheibriados
Okawaru


Message History

You kill the gnoll!
The gnoll hits you with a +0 whip.
* * * LOW HITPOINT WARNING * * *
You take 3 damage, and have 8/41 hp.
You hit the gnoll.
The gnoll is almost dead.
You closely miss the hobgoblin. The hobgoblin closely misses you.
The gnoll hits you with a +0 whip!
* * * LOW HITPOINT WARNING * * *
You take 7 damage, and have 1/41 hp.
It was a potion of might.
You feel very mighty all of a sudden. The hobgoblin barely misses you.
The gnoll hits you but does no damage. The gnoll misses you.
It was a potion of lignification.
You turn into a tree.
Your +0 cloak melds into your body.
Your +0 helmet melds into your body.
Your +0 robe melds into your body.
Your roots penetrate the ground.
The hobgoblin hits you but does no damage.
The gnoll completely misses you. The gnoll hits you with a +0 whip.
You die...

......#........#..
##.##...##.#####.#
##..###.....## #.#
###.######...###.#
......# ##....#.#
......# #.##...#
........ ##.##.###
....<.#. ....#.g.#
####
..>...#####..#.#♣#
#...## ......#
#....#g###.....##
......#
#.##..gg.g......#
#######
#.##..##........#
. #............# #
#.####....(.## ..
##.....# #.#
......# .. ......#


You could see 2 gnolls and 2 hobgoblins.

Vanquished Creatures
  Robin (D:2)
  A gnoll (D:3)
  3 adders (D:2)
  A worm (D:2)
  3 leopard geckos
  5 bats
  A giant cockroach (D:2)
  10 goblins
  3 hobgoblins
  4 jackals (D:2)
  3 kobolds
  A frilled lizard (D:3)
  4 rats
40 creatures vanquished.

Notes
Turn   | Place    | Note
-------+----------+-------------------------------------------
     0 | D:1      | kaeus the Hill Orc Monk began the quest for the Orb.
     0 | D:1      | Reached XP level 1. HP: 19/19 MP: 1/1
    35 | D:1      | Found an iron altar of Okawaru.
   338 | D:1      | Reached skill level 1 in Armour
   502 | D:1      | Reached XP level 2. HP: 27/27 MP: 2/2
  1053 | D:2      | Reached XP level 3. HP: 11/33 MP: 3/3
  1855 | D:2      | Noticed a torpor snail
  1915 | D:2      | Found a snail-covered altar of Cheibriados.
  1915 | D:2      | Noticed a torpor snail
  1917 | D:2      | Noticed a torpor snail
  2122 | D:2      | Reached XP level 4. HP: 38/40 MP: 4/4
  2322 | D:2      | Noticed Robin
  2330 | D:2      | Killed Robin
  2971 | D:3      | HP: 1/41 [gnoll/+0 whip (7)]
  2973 | D:3      | Slain by a gnoll

Illustrated notes

Levels and vault maps discovered:
D:1:      heliophobic_arrival_dark_side_of_the_moon, layout_basic,
          minmay_tree_intersection, okawaru_ov_weapons_minmay
D:2:      layout_basic, cheibriados_altar_2, uniq_robin
D:3:      layout_rooms

Skill      XL: |  1  2  3  4 |
---------------+-------------+-----
Armour         | 1 2 3 |  3.1
Fighting       | 4 |  4.4
Axes           | |  4.8
Dodging        | |  2.4
Stealth        | |  1.5

Action                   |  1- 3 |  4- 6 || total
-------------------------+-------+-------++-------
Melee: Hand axe          |    99 |    41 ||   140
  Use: Potion            |       |     2 ||     2
 Stab: Sleeping          |     2 |       ||     2
Armor: Robe              |    22 |    12 ||    34
       Skin              |       |     1 ||     1
Dodge: Dodged            |    88 |    36 ||   124
